 Seeded DCSS version 0.30.1-4-g462c640d31 (webtiles) character file.

Game seed: 15660985446129201502 (custom seed)

32 AccursedSamuel the Chopper (level 3, -5/23 HPs)
             Began as a Tengu Monk on Sept 13, 2023.
             Was a Priest of Jiyva.
             Slain by Crazy Yiuf
             ... wielding a +3 quarterstaff of chaos
              (14 damage)
             ... while paralysed by Crazy Yiuf
             ... on level 2 of the Dungeon.
             The game lasted 00:01:35 (506 turns).

AccursedSamuel the Chopper (Tengu Monk)              Turns: 506, Time: 00:01:36

Health: -5/23      AC:  2    Str: 13    XL:     3   Next: 27%
Magic:  0/4        EV:  2    Int: 10    God:    Jiyva [***...]
Gold:   47         SH:  0    Dex: 16    Spells: 2/2 levels left

rFire   x . .        a - +0 hand axe
rCold   . . .        d - orb {light}
rNeg    . . .        b - +0 robe
rPois   +            (helmet restricted)
rElec   +            (no cloak)
rCorr   +            (no gloves)
SInv    .            (boots unavailable)
Will    .....        e - amulet of the Durable God {Spirit rElec rPois rF-}
Stlth   +            (no ring)
HPRegen 1.35/turn    (no ring)
MPRegen 0.44/turn

%: guardian spirit
@: paralysed, glowing
A: beak, talons 3
a: Renounce Religion, Oozemancy


You were on level 2 of the Dungeon.
You worshipped Jiyva.
Jiyva was most pleased with you.
You visited 1 branch of the dungeon, and saw 2 of its levels.

You collected 47 gold pieces.

Inventory:

Hand Weapons
 a - a +0 hand axe (weapon)
Armour
 b - a +0 robe (worn)
 d - an orb of light (worn)
Jewellery
 e - the amulet of the Durable God (around neck) {Spirit rElec rPois rF-}
   (You acquired it on level 1 of the Dungeon)

   [amulet of guardian spirit]

   It causes incoming damage to be divided between your reserves of health and
   magic.
   rF:        It makes you vulnerable to fire.
   rElec:     It insulates you from electricity.
   rPois:     It protects you from poison.
Scrolls
 f - a scroll of enchant armour {unknown}
 g - a scroll of noise {unknown}
 i - a scroll of immolation {unknown}
Potions
 c - a potion of ambrosia
 h - a potion of degeneration {unknown}
 j - a potion of attraction {unknown}


   Skills:
 + Level 3.3 Fighting
 + Level 3.9 Axes
 + Level 3.8 Dodging


You had 2 spell levels left.
You didn't know any spells.
Your spell library contained the following spells:

 Spells                   Type           Power      Damage    Failure   Level
 Cigotuvi's Dreadful Rot  Necr/Pois/Air  0%         N/A       50%         2
 Dispel Undead            Necr           0%         3d6       98%         4
 Death Channel            Necr           0%         N/A       100%        6


Dungeon Overview and Level Annotations

Branches:
Dungeon (2/15)

Altars:
Jiyva

Annotations:
D:2 Crazy Yiuf


Innate Abilities, Weirdness & Mutations

You have a beak for a mouth.
You have claws for feet.


Message History

You hear a distant slurping noise. x2
You hear a distant slurping noise.
You enter the shallow water.
Moving in this stuff is going to be slow.
You hear a distant slurping noise.
j - a bubbling coppery potion You hear a distant slurping noise.
You hear a slurping noise.
You enter the shallow water.
Moving in this stuff is going to be slow.
You open the gate.
You hear a slurping noise.
You hear a slurping noise.
There is an open gate here.
You swap places.
You enter the shallow water.
Moving in this stuff is going to be slow.
You hear a distant slurping noise.
You hear a distant slurping noise.
You hear a distant slurping noise.
You hear a distant slurping noise.
You enter the shallow water.
Moving in this stuff is going to be slow.
Found a stone staircase leading down.
You hear a distant slurping noise.
Jiyva will now mutate your body as you gain piety.
You can now call acidic ooze from nearby walls.
Found a hammer.
Found a runed translucent door.
Crazy Yiuf shouts!
As you open the door, it creaks loudly!
You hit Crazy Yiuf but do no damage. You claw Crazy Yiuf.
Crazy Yiuf is moderately wounded.
Crazy Yiuf hits you with a +3 quarterstaff of chaos.
Crazy Yiuf freezes you.
You hit Crazy Yiuf. You peck Crazy Yiuf, but do no damage.
Crazy Yiuf is moderately wounded.
Crazy Yiuf hits you with a +3 quarterstaff of chaos!
Ouch! That really hurt!
You suddenly lose the ability to move!
Crazy Yiuf hits you with a +3 quarterstaff of chaos!
Ouch! That really hurt!
You die...

#####.###.##..........####
..........##.............##
..................######..#
........)########## ##.#
##..#.##[# #.# ...>..# .#
#.## ####### # ### ####..#
# #)..### ##.....# #
#...g@####......# #
#...##..#......## ###
###.#....## ########


You could see Crazy Yiuf.

Vanquished Creatures
  An adder (D:2)
  2 endoplasms (D:2)
  A giant cockroach (D:2)
  3 goblins
  A hobgoblin (D:1)
  2 kobolds
  4 quokkas
  A ball python (D:1)
  A bat (D:1)
  A frilled lizard (D:2)
  3 rats (D:1)
  A spectral kobold (D:2)
21 creatures vanquished.

Vanquished Creatures (others)
  An endoplasm (D:2)
  A ball python (D:2)
  2 frilled lizards (D:2)
4 creatures vanquished.

Grand Total: 25 creatures vanquished

Notes
Turn   | Place    | Note
-------+----------+-------------------------------------------
     0 | D:1      | AccursedSamuel the Tengu Monk began the quest for the Orb.
     0 | D:1      | Reached XP level 1. HP: 14/14 MP: 2/2
    70 | D:1      | Reached XP level 2. HP: 15/19 MP: 3/3
   142 | D:1      | Identified a scroll of acquirement
   142 | D:1      | Acquired the amulet of the Durable God {Spirit rElec rPois
                  | rF-}
   368 | D:2      | Found a faded altar of an unknown god.
   378 | D:2      | Reached XP level 3. HP: 15/23 MP: 2/4
   409 | D:2      | Prayed at the altar of an unknown god.
   409 | D:2      | Became a worshipper of Jiyva Jeklatzi the Shapeless
   409 | D:2      | Reached * piety under Jiyva
   409 | D:2      | Reached ** piety under Jiyva
   499 | D:2      | Reached *** piety under Jiyva
   499 | D:2      | Found a runed translucent door.
   500 | D:2      | Noticed Crazy Yiuf
   505 | D:2      | Paralysed by Crazy Yiuf for 3 turns
   506 | D:2      | Slain by Crazy Yiuf

Illustrated notes

Levels and vault maps discovered:
D:1:      minmay_arrival_pointy, layout_loops_ring, minmay_gold_behind_fungi
D:2:      layout_basic, dreamdust_ecumenical_altar_drowned_temple,
          hangedman_decor_clover_reticule, fountainhead,
          uniq_crazy_yiuf_cottage, uniq_jessica

Action                     || total
---------------------------++-------
  Melee: Hand axe          ||    33
         Kick              ||     8
         Peck              ||     7
    Use: Scroll            ||     1
 Armour: Robe              ||    18
  Dodge: Dodged            ||    56
